 Dungeon Crawl Stone Soup version 0.28-a0-657-g71136c5590 (webtiles) character file.

Game seed: 18077684527261595945

481 demibob the Cleaver (level 6, -4/51 HPs)
             Began as a Minotaur Fighter on Oct 14, 2021.
             Slain by a water moccasin (5 damage)
             ... on level 4 of the Dungeon.
             The game lasted 00:04:59 (3824 turns).

demibob the Cleaver (Minotaur Fighter)              Turns: 3824, Time: 00:05:02

Health: -4/51      AC:  8    Str: 20    XL:     6   Next: 87%
Magic:  5/5        EV:  9    Int: 13    God:
Gold:   161        SH:  0    Dex: 10    Spells: 5/5 levels left

rFire   . . .      SeeInvis .   a - +0 war axe
rCold   . . .      Faith    .   (no shield)
rNeg    . . .      Spirit   .   b - +0 scale mail
rPois   .          Reflect  .   (helmet restricted)
rElec   .          Harm     .   (no cloak)
rCorr   .          Rampage  .   h - +0 pair of gloves
Will    .....                   (no boots)
Stlth   ..........              (no amulet)
HPRegen 0.17/turn               I - +6 ring of intelligence
MPRegen 0.09/turn               (no ring)

@: lethally poisoned (-4 -> -19)
A: horns 2, retaliatory headbutt
a: no special abilities


You were on level 4 of the Dungeon.
You visited 1 branch of the dungeon, and saw 4 of its levels.

You collected 161 gold pieces.


Innate Abilities, Weirdness & Mutations

You have a pair of horns on your head.
You reflexively headbutt those who attack you in melee.


   Skills:
 - Level 3.6 Fighting
 + Level 9.0 Axes
 - Level 3.6 Armour
 - Level 3.6 Shields


You had 5 spell levels left.
You didn't know any spells.
Your spell library contained the following spells:

 Spells                   Type           Power      Damage    Failure   Level
 Foxfire                  Conj/Fire      0%         2x1d4     65%         1
 Sandblast                Erth           0%         2d4       65%         1
 Passwall                 Tmut/Erth      0%         N/A       78%         2
 Conjure Flame            Conj/Fire      0%         6-21      95%         3
 Inner Flame              Hex/Fire       0%         N/A       95%         3
 Stone Arrow              Conj/Erth      0%         3d7       95%         3
 Flame Wave               Conj/Fire      0%         3d3       100%        4

Inventory:

Hand Weapons
 a - a +0 war axe (weapon)
 l - a +0 hand crossbow
Missiles
 m - 12 bolts
Armour
 b - a +0 scale mail (worn)
 h - a +0 pair of gloves (worn)
Jewellery
 I - a +6 ring of intelligence (left hand)
Wands
 d - a wand of flame (20)
Potions
 e - 3 potions of mutation
 i - a potion of brilliance {unknown}
 j - a potion of degeneration {unknown}
 k - a potion of curing {unknown}

Dungeon Overview and Level Annotations

Branches:
Dungeon (4/15)
 Temple: D:4-7

Altars:
Elyvilon
Kikubaaqudgha
Nemelex Xobeh
The Shining One

#.#.o.# #.###..#
##.## ## .
#.###)######....
#....)..........
#####.#.####....
#..oo# . ####S#
# #@# .#
#######.######.#
..............(#
...............#
...............#
...............#
...............#
#########.####.#
#.)#


You could see an orc warrior, a water moccasin and an orc priest.


Message History

The orc barely misses you.
A water moccasin comes into view.
The water moccasin hisses angrily.
You slice the orc!!
You kill the orc!
The orc warrior hits you from afar with a +0 halberd!!
The orc priest invokes the aid of Beogh against you.
Beogh smites you!
* * * LOW HITPOINT WARNING * * *
The orc warrior barely misses you. The water moccasin bites you.
* * * LOW HITPOINT WARNING * * *
It was a potion of flight.
You feel very buoyant.
You fly up into the air.
The water moccasin bites you.
* * * LOW HITPOINT WARNING * * *
The orc warrior barely misses you.
The water moccasin bites you but does no damage.
It was a potion of magic.
Magic courses through your body. The orc warrior barely misses you.
The water moccasin bites you.
* * * LOW HITPOINT WARNING * * *
You are lethally poisoned!
The water moccasin poisons you!
It was a potion of cancellation.
Your magical effects are unravelling.
You feel magically purged.
You float gracefully downwards.
* * * LOW HITPOINT WARNING * * *
You feel very sick. The water moccasin bites you.
You die...

Skill      XL: |  1  2  3  4  5  6 |
---------------+-------------------+-----
Axes           | 3 4 5 6 8 9 |  9.0
Fighting       | |  3.6
Armour         | |  3.6
Shields        | |  3.6

Action                   |  1- 3 |  4- 6 || total
-------------------------+-------+-------++-------
Melee: War axe           |    79 |    61 ||   140
       Headbutt          |    10 |     8 ||    18
  Use: Scroll            |       |     4 ||     4
       Potion            |       |     4 ||     4
Armor: Scale mail        |    42 |    24 ||    66
Dodge: Dodged            |    38 |    36 ||    74

Levels and vault maps discovered:
D:1:      eino_arrival_cavern_c, layout_loops_cross,
          ebering_ecumenical_altar_mist
D:2:      minmay_spotlight, layout_basic
D:3:      layout_loops_cross, mainiacjoe_overflow_alcove_3
D:4:      layout_basic, guppyfry_early_orc_mine, uniq_grinder, uniq_duvessa,
          uniq_blork_the_orc, uniq_edmund

Notes
Turn   | Place    | Note
-------+----------+-------------------------------------------
     0 | D:1      | demibob the Minotaur Fighter began the quest for the Orb.
     0 | D:1      | Reached XP level 1. HP: 19/19 MP: 0/0
   182 | D:1      | Reached skill level 3 in Axes
   487 | D:1      | Reached XP level 2. HP: 26/26 MP: 1/1
   587 | D:1      | Found a faded altar of an unknown god.
  1022 | D:2      | Reached skill level 4 in Axes
  1144 | D:2      | Reached XP level 3. HP: 26/31 MP: 2/2
  1577 | D:2      | Reached skill level 5 in Axes
  1617 | D:2      | Reached XP level 4. HP: 35/39 MP: 3/3
  2565 | D:3      | Noticed a sky beast
  2575 | D:3      | Killed a sky beast
  2576 | D:3      | Reached skill level 6 in Axes
  2576 | D:3      | Reached XP level 5. HP: 28/45 MP: 4/4
  2942 | D:3      | Found a glowing golden altar of the Shining One.
  2943 | D:3      | Found a sparkling altar of Nemelex Xobeh.
  2944 | D:3      | Found an ancient bone altar of Kikubaaqudgha.
  2944 | D:3      | Found a white marble altar of Elyvilon.
  3002 | D:3      | Reached skill level 7 in Axes
  3430 | D:4      | Noticed Blork the orc
  3431 | D:4      | >>ofc a glaive ofc venom
  3437 | D:4      | Killed Blork the orc
  3539 | D:4      | Noticed a black bear
  3546 | D:4      | Killed a black bear
  3547 | D:4      | Reached skill level 8 in Axes
  3547 | D:4      | Reached XP level 6. HP: 40/51 MP: 5/5
  3799 | D:4      | Noticed an orc warrior
  3814 | D:4      | Reached skill level 9 in Axes
  3815 | D:4      | Noticed a water moccasin
  3822 | D:4      | HP: 5/51 [water moccasin (6)]
  3824 | D:4      | HP: 1/51 [poisoned by a water moccasin]
  3824 | D:4      | Slain by a water moccasin

Vanquished Creatures
  A sky beast (D:3)
  A black bear (D:4)
  An ogre (D:4)
  Blork the orc (D:4)
  An orc wizard (D:4)
  7 adders
  A worm (D:2)
  A dart slug (D:1)
  3 orcs (D:4)
  2 ball pythons (D:1)
  7 endoplasms
  A giant cockroach (D:2)
  9 goblins
  4 hobgoblins
  3 jackals (D:2)
  A quokka (D:2)
  3 bats
  5 frilled lizards
  3 kobolds
  6 rats
61 creatures vanquished.

Table legend: (Time is in decaauts)
 A = Elapsed time spent in this place.
 B = Non-inter-level travel time spent in this place.
 C = Inter-level travel time spent in this place.
 D = Time resting spent in this place.
 E = Time spent auto-exploring this place.
 F = Levels seen in this place.
 G = Mean time per level.
                   A        B        C        D        E       F      G
               +--------+--------+--------+--------+--------+-----+--------+
         Total |   3856 |   3766 |     90 |    682 |   2663 |   4 |  964.0 |
       Dungeon |   3856 |   3766 |     90 |    682 |   2663 |   4 |  964.0 |
               +--------+--------+--------+--------+--------+-----+--------+

Top non-repeatable levels by time:
     D:2: 1528 daAuts
     D:1: 1029 daAuts
     D:3: 894 daAuts
     D:4: 404 daAuts

Table legend:
 A = Non-vault XP
 B = Vault XP
 C = Vault XP percentage of total XP
 D = Non-vault monster count
 E = Vault monster count
 F = Vault count percentage of total count
                 A         B        C        D         E       F
            +---------+---------+-------+---------+---------+-------
      Total |     543 |     145 |  21.1 |      50 |      11 |  18.0
            +---------+---------+-------+---------+---------+-------
        D:1 |      28 |       0 |   0.0 |      18 |       0 |   0.0
        D:2 |      80 |       9 |  10.1 |      17 |       6 |  26.1
        D:3 |     161 |       0 |   0.0 |      10 |       0 |   0.0
        D:4 |     274 |     136 |  33.2 |       5 |       5 |  50.0
            +---------+---------+-------+---------+---------+-------
